 Dungeon Sprint DCSS version 0.28-a0-1524-ge72afd5fc6 (webtiles) character file.

Game seed: 2961279284780254841

75068 mhtbhm the Phalangite (level 14, -5/139 HPs)
             Began as a White Draconian Berserker on Jan 16, 2022.
             Was the Champion of Trog.
             Slain by Mennas (30 damage)
             ... in the Dungeon (Sprint III: "The Ten Rune Challenge") on Jan 17, 2022.
             The game lasted 00:15:50 (8385 turns).

mhtbhm the Phalangite (White Draconian Berserker)   Turns: 8385, Time: 00:15:51

Health: -5/139     AC:  8    Str: 25    XL:     14   Next: 7%
Magic:  14/14      EV: 18    Int:  7    God:    Trog [******]
Gold:   172        SH:  0    Dex: 11    Spells: 13/13 levels left

rFire   . . .      SeeInvis +   a - +7 glaive of the Ass {vorpal, rElec}
rCold   + . .      Faith    +   (shield currently unavailable)
rNeg    . . .      Spirit   .   (armour unavailable)
rPois   +          Reflect  .   d - +0 hat {SInv}
rElec   +          Harm     .   (no cloak)
rCorr   .          Rampage  .   (no gloves)
Will    +....      NoTele   +   (no boots)
Stlth   +++.......              r - amulet of faith
HPRegen 0.33/turn               (no ring)
MPRegen 0.14/turn               (no ring)

@: mighty, on berserk cooldown, slowed, glowing, silenced, very slow
A: breathe frost, AC +8, unfitting armour, cold resistance 1, cold-blooded,
claws 1, frail 1, poison resistance
}: 2/10 runes: decaying, serpentine
a: Breathe Frost, Renounce Religion


You were in the Dungeon.
You worshipped Trog.
Trog was exalted by your worship.
You visited 1 branch You collected 1631 gold pieces.
You spent 1459 gold pieces at shops.

Inventory:

Hand Weapons
 a - the +7 glaive of the Ass (weapon) {vorpal, rElec}
   (Trog gifted it to you in the Dungeon)

   It inflicts extra damage upon your enemies.
   rElec:     It insulates you from electricity.
 q - a +4 bardiche of flaming
 x - a +2 vampiric bardiche
Missiles
 c - 7 curare-tipped darts (quivered)
 p - 6 silver javelins
 C - 5 atropa-tipped darts
 D - 5 datura-tipped darts
Armour
 d - a +0 hat of see invisible (worn)
Jewellery
 r - an amulet of faith (around neck)
 B - a ring of magical power
Wands
 o - a wand of flame (29)
 w - a wand of mindburst (41)
Scrolls
 g - 2 scrolls of blinking
 h - a scroll of holy word
 k - a scroll of torment
 l - a scroll of immolation {unknown}
 s - 3 scrolls of enchant weapon
 t - a scroll of brand weapon
 u - a scroll of enchant armour
 y - a scroll of fear {unknown}
 A - a scroll of amnesia {unknown}
Potions
 b - 2 potions of mutation
 e - 2 potions of magic
 i - a potion of heal wounds
 j - 2 potions of flight
 m - 5 potions of curing
 v - a potion of might
 z - a potion of lignification {unknown}
Miscellaneous
 n - a phantom mirror


   Skills:
 + Level 22.6 Fighting
 + Level 24.0 Polearms
 + Level 2.2 Throwing
 + Level 15.9 Dodging
 + Level 15.8 Stealth
 + Level 2.2 Evocations


You had 13 spell levels left.
You didn't know any spells.
Your spell library was empty.

Dungeon Overview and Level Annotations

Branches:
Dungeon (1/1)

Altars:
Cheibriados
Dithmenos
Elyvilon
Fedhas
Gozag
Hepliaklqana
Kikubaaqudgha
Makhleb
Nemelex Xobeh
Okawaru
Qazlal
Ru
Sif Muna
Trog
Uskayaw
Vehumet
Wu Jian
Xom
Yredelemnul
Zin
The Shining One
Beogh
Jiyva
Lugonu

Shops:
D (=?[!:==!![:=?![?(

Annotations:
D exclusion: 2 statues, Mennas


Innate Abilities, Weirdness & Mutations

You can breathe waves of freezing cold which knock back foes.
Your icy white scales are hard. (AC +8)
You cannot fit into any form of body armour.
Your flesh is cold resistant. (rC+)
You are cold-blooded and may be slowed by cold attacks.
You have sharp fingernails.
You are frail. (-10% HP)
Your system is resistant to poisons. (rPois)


Message History

You reach to attack!
Mennas blocks your attack.
Mennas is moderately wounded.
Mennas hits you from afar with a +1 trishula of holy wrath!
* * * LOW HITPOINT WARNING * * *
Mennas hits you from afar with a +1 trishula of holy wrath!
* * * LOW HITPOINT WARNING * * *
Unknown command.
Reach: a) +7 glaive of the Ass {vorpal, rElec}
Press: ? - help, Dir - move target, f/p - Mennas
Aim: Mennas, wielding a +1 trishula of holy wrath and wearing a +1 tower shield of protection (silenced, moderately wounded, radiating silence, haloed, about 45% to evade the +7 glaive of the Ass)
You reach to attack!
You closely miss Mennas.
Mennas is moderately wounded.
You feel the effects of Trog's Hand fading.
Mennas closely misses you.
Mennas hits you from afar with a +1 trishula of holy wrath!
* * * LOW HITPOINT WARNING * * *
Unknown command.
Unknown command.
You feel a strong urge to attack something.
There is an open door here.
You feel your anger nearly subside.
You are no longer berserk.
You are exhausted.
You feel yourself slow down.
Unknown command.
Okay, then.
You feel much better.
Mennas hits you from afar with a +1 trishula of holy wrath.
* * * LOW HITPOINT WARNING * * *
Mennas closely misses you.
Mennas hits you from afar with a +1 trishula of holy wrath.
* * * LOW HITPOINT WARNING * * *
Mennas hits you from afar with a +1 trishula of holy wrath!!
* * * LOW HITPOINT WARNING * * *
You feel much better.
Your skin stops crawling.
You feel less strong-willed. Mennas misses you.
Mennas hits you from afar with a +1 trishula of holy wrath!
* * * LOW HITPOINT WARNING * * *
Mennas hits you from afar with a +1 trishula of holy wrath!!
You die...

♣
#∩.####################§#......
♣
#∩......)....##.#.#.#.#........
♣
##...........##................
♣
##############................
####### ###'#############
≈....≈8 ##...## ......≈
##..)..## .......#+###.......#
.......'..A'@......+
.......#'###.......#
......≈#≈≈≈##.....##
≈....≈8#'#'###...##
##++####.#.# ##+## #+###


You could see Mennas (silencing).

Vanquished Creatures
  Rupert (D)
  Gastronok (D)
  Harold (D)
  4 azure jellies (D)
  A nagaraja (D)
  2 dire elephants (D)
  A fire dragon (D)
  A naga warrior (D)
  Erolcha (D)
  2 ice dragons (D)
  3 hydras (D)
  A centaur warrior (D)
  5 anacondas (D)
  4 dancing weapons (D)
  Urug (D)
  4 death yaks (D)
  2 deep elf knights (D)
  A death drake (D)
  A spriggan druid (D)
  A golden dragon zombie (D)
  An orange crystal statue (D)
  A lindwurm (D)
  A deep elf zephyrmancer (D)
  Joseph (D)
  A deep elf pyromancer (D)
  4 crystal guardians (D)
  2 orc sorcerers (D)
  A manticore (shapeshifter) (D)
  A guardian serpent (D)
  5 black mambas (D)
  2 elephants (D)
  4 statues (D)
  A torpor snail (shapeshifter) (D)
  2 cane toads (D)
  A rime drake (D)
  A komodo dragon (D)
  A queen bee (D)
  4 spriggan defenders (D)
  3 wandering mushrooms (D)
  2 tyrant leeches (D)
  8 blink frogs (D)
  3 orc high priests (D)
  A slime creature (D)
  2 spriggans (D)
  A shadow (D)
  5 redbacks (D)
  A spatial vortex (D)
  2 hydra simulacra (D)
  2 nagas (D)
  An iron troll simulacrum (D)
  3 water moccasins (D)
  A swamp drake (D)
  A fire dragon simulacrum (D)
  An orc warrior (D)
  A necrophage (D)
  2 black mamba simulacra (D)
  5 two-headed ogres (D)
  A scorpion (D)
  A water elemental (D)
  32 killer bees (D)
  An electric eel (D)
  A jelly (D)
  2 orc priests (D)
  Jessica (D)
  A wizard (D)
  2 orc wizards (D)
  A necromancer (D)
  3 humans (D)
  A kobold demonologist (D)
  5 adders (D)
  2 swamp drake simulacra (D)
  6 orcs (D)
  3 rats (D)
180 creatures vanquished.

Vanquished Creatures (collateral kills)
  An orc high priest (D)
  A deep elf zephyrmancer (D)
  2 orc warriors (D)
  An orc wizard (D)
  2 orcs (D)
7 creatures vanquished.

Vanquished Creatures (others)
  A deep elf knight (D)
  15 plants (D)
16 creatures vanquished.

Grand Total: 203 creatures vanquished

Notes
Turn   | Place    | Note
-------+----------+-------------------------------------------
     0 | D        | mhtbhm the Draconian Berserker began the quest for the Orb.
     0 | D        | Reached XP level 1. HP: 19/19 MP: 1/1
    29 | D        | Reached ** piety under Trog
    32 | D        | Noticed Jessica
    47 | D        | Killed Jessica
    48 | D        | Reached skill level 4 in Polearms
    48 | D        | Reached XP level 2. HP: 21/28 MP: 2/2
   287 | D        | Noticed a scorpion
   291 | D        | Killed a scorpion
   292 | D        | Reached skill level 5 in Polearms
   292 | D        | Reached skill level 1 in Stealth
   292 | D        | Reached XP level 3. HP: 37/37 MP: 3/3
   292 | D        | Reached XP level 4. HP: 44/44 MP: 4/4
   302 | D        | Reached skill level 6 in Polearms
   302 | D        | Reached skill level 5 in Dodging
   411 | D        | Gained mutation: Your mind is acute. (Int +2) [potion of
                  | mutation]
   411 | D        | Lost mutation: Your mind is acute. (Int +2) [potion of
                  | mutation]
   414 | D        | Gained mutation: You have sharp fingernails. [potion of
                  | mutation]
   414 | D        | Gained mutation: You are frail. (-10% HP) [potion of
                  | mutation]
   414 | D        | Gained mutation: Your system is resistant to poisons.
                  | (rPois) [potion of mutation]
   417 | D        | Noticed a water elemental
   422 | D        | Killed a water elemental
   422 | D        | Reached *** piety under Trog
   423 | D        | Reached skill level 7 in Polearms
   423 | D        | Reached XP level 5. HP: 46/46 MP: 5/5
   495 | D        | Found a radiant altar of Vehumet.
   495 | D        | Found a shimmering blue altar of Sif Muna.
   495 | D        | Found an ancient bone altar of Kikubaaqudgha.
   552 | D        | Found a basalt altar of Yredelemnul.
   552 | D        | Found a shadowy altar of Dithmenos.
   552 | D        | Found a sacrificial altar of Ru.
   552 | D        | Noticed a necrophage
   558 | D        | Reached **** piety under Trog
   564 | D        | Killed a necrophage
   565 | D        | Reached skill level 8 in Polearms
   565 | D        | Reached XP level 6. HP: 54/54 MP: 6/6
   616 | D        | Found a glowing silver altar of Zin.
   616 | D        | Found a glowing golden altar of the Shining One.
   616 | D        | Found a white marble altar of Elyvilon.
   617 | D        | Noticed a deep elf pyromancer
   627 | D        | Noticed a fire elemental
   627 | D        | Noticed a fire elemental
   627 | D        | Killed a deep elf pyromancer
   628 | D        | Reached skill level 10 in Polearms
   628 | D        | Your scales start taking on an icy white colour.
   628 | D        | Reached XP level 7. HP: 42/63 MP: 7/7
   628 | D        | Gained mutation: Your flesh is cold resistant. (rC+) [White
                  | Draconian growth]
   791 | D        | Found a hide-covered altar of Uskayaw.
   791 | D        | Found an iron altar of Okawaru.
   791 | D        | Found a bloodstained altar of Trog.
   791 | D        | Found an ornate altar of the Wu Jian Council.
   791 | D        | Noticed a human
   791 | D        | Noticed a human
   803 | D        | Killed a human
   804 | D        | Reached skill level 10 in Fighting
   804 | D        | Reached skill level 11 in Polearms
   808 | D        | Killed a human
   808 | D        | Reached ***** piety under Trog
   809 | D        | Reached XP level 8. HP: 72/72 MP: 8/8
   996 | D        | Found a blossoming altar of Fedhas.
   996 | D        | Found a stormy altar of Qazlal.
   996 | D        | Found a snail-covered altar of Cheibriados.
   996 | D        | Found a burning altar of Makhleb.
   996 | D        | Found a shimmering altar of Xom.
   997 | D        | Found a hazy altar of Hepliaklqana.
   997 | D        | Found an opulent altar of Gozag.
   997 | D        | Found a sparkling altar of Nemelex Xobeh.
   997 | D        | Found a corrupted altar of Lugonu.
   997 | D        | Found a viscous altar of Jiyva.
  1014 | D        | Reached skill level 12 in Polearms
  1034 | D        | Reached skill level 5 in Stealth
  1041 | D        | Received a gift from Trog
  1094 | D        | Noticed a two-headed ogre
  1101 | D        | Killed a two-headed ogre
  1184 | D        | Noticed a two-headed ogre
  1184 | D        | Noticed Erolcha
  1192 | D        | Killed Erolcha
  1193 | D        | Reached skill level 13 in Polearms
  1193 | D        | Reached skill level 10 in Dodging
  1193 | D        | Reached XP level 9. HP: 81/81 MP: 9/9
  1195 | D        | Killed a two-headed ogre
  1196 | D        | Reached skill level 14 in Polearms
  1392 | D        | Noticed a wandering mushroom
  1398 | D        | Noticed a wandering mushroom
  1408 | D        | Killed a wandering mushroom
  1409 | D        | Noticed a wandering mushroom
  1416 | D        | Killed a wandering mushroom
  1416 | D        | Reached ****** piety under Trog
  1422 | D        | Killed a wandering mushroom
  1429 | D        | Noticed a cane toad
  1429 | D        | Noticed a komodo dragon
  1429 | D        | Noticed a cane toad
  1435 | D        | Killed a cane toad
  1436 | D        | Reached skill level 15 in Polearms
  1439 | D        | Killed a cane toad
  1439 | D        | Received a gift from Trog
  1440 | D        | Reached XP level 10. HP: 90/90 MP: 10/10
  1497 | D        | Reached skill level 16 in Polearms
  1501 | D        | Noticed a lindwurm
  1506 | D        | Killed a lindwurm
  1686 | D        | Received a gift from Trog
  1695 | D        | Noticed Urug
  1700 | D        | Killed Urug
  1861 | D        | Noticed an orc sorcerer
  1862 | D        | Noticed an orc sorcerer
  1865 | D        | Noticed a rust devil
  1869 | D        | Killed an orc sorcerer
  1870 | D        | Reached skill level 17 in Polearms
  1870 | D        | Reached skill level 10 in Stealth
  1872 | D        | Identified the +7 glaive of the Ass {vorpal, rElec} (Trog
                  | gifted it to you in the Dungeon)
  1872 | D        | Received a gift from Trog
  1880 | D        | Reached skill level 15 in Fighting
  1880 | D        | Received a gift from Trog
  1883 | D        | Killed an orc sorcerer
  1887 | D        | Reached XP level 11. HP: 100/100 MP: 11/11
  1889 | D        | Received a gift from Trog
  1889 | D        | Noticed an orc high priest
  1890 | D        | Found Ruthri Hejymn's Jewellery Boutique.
  1903 | D        | Killed an orc high priest
  2050 | D        | Bought an amulet of faith for 520 gold pieces
  2067 | D        | Noticed a deep elf knight
  2067 | D        | Noticed a deep elf zephyrmancer
  2067 | D        | Noticed a deep elf knight
  2067 | D        | Noticed a deep elf knight
  2067 | D        | Noticed a deep elf zephyrmancer
  2077 | D        | Killed a deep elf knight
  2079 | D        | Noticed a deep elf annihilator
  2082 | D        | Noticed a deep elf demonologist
  2083 | D        | Killed a deep elf zephyrmancer
  2085 | D        | Killed a deep elf knight
  2086 | D        | Reached skill level 18 in Polearms
  2095 | D        | Noticed a cacodemon
  2098 | D        | Killed a deep elf zephyrmancer
  2098 | D        | Received a gift from Trog
  2099 | D        | Killed a deep elf knight
  2474 | D        | Noticed Harold
  2474 | D        | Noticed Joseph
  2481 | D        | Killed Harold
  2487 | D        | Killed Joseph
  2586 | D        | Received a gift from Trog
  2782 | D        | Noticed an orange crystal statue
  2795 | D        | Killed an orange crystal statue
  2806 | D        | Found Cotocsuc's Jewellery Emporium.
  2806 | D        | Found Yhaimo's Distillery.
  2806 | D        | Found Pubiber's Antique Weapon Shoppe.
  2806 | D        | Found Bafidianol's Book Boutique.
  2806 | D        | Found Sulatt's Magic Scroll Emporium.
  2806 | D        | Found Zixes's Magic Scroll Shop.
  2806 | D        | Found Guxky's Antique Armour Boutique.
  2807 | D        | Found Dungipt's Antique Armour Boutique.
  2807 | D        | Found Ocratt's Distillery.
  2807 | D        | Found Moduzefo's Distillery.
  2807 | D        | Found Gaedolam's Jewellery Emporium.
  2839 | D        | Bought a runed hat for 168 gold pieces
  2854 | D        | Bought a scroll of enchant weapon for 105 gold pieces
  2854 | D        | Bought a scroll of brand weapon for 280 gold pieces
  2855 | D        | Bought a scroll of blinking for 75 gold pieces
  2855 | D        | Bought a scroll of enchant armour for 75 gold pieces
  2855 | D        | Bought a scroll of identify for 20 gold pieces
  2861 | D        | Bought a potion of heal wounds for 60 gold pieces
  2861 | D        | Bought a potion of heal wounds for 60 gold pieces
  2869 | D        | Bought a potion of might for 48 gold pieces
  2869 | D        | Bought a potion of might for 48 gold pieces
  2899 | D        | Reached skill level 19 in Polearms
  2901 | D        | Reached skill level 1 in Evocations
  2905 | D        | Received a gift from Trog
  3115 | D        | Noticed a centaur warrior
  3123 | D        | Killed a centaur warrior
  3142 | D        | Noticed a fire dragon
  3149 | D        | Killed a fire dragon
  3150 | D        | Reached XP level 12. HP: 94/114 MP: 12/12
  3157 | D        | Received a gift from Trog
  3554 | D        | Reached skill level 20 in Polearms
  3716 | D        | Identified the +4 halberd of Reinforcement {spect, rPois}
  3917 | D        | Upgraded the game from 0.28-a0-1518-gbe868bca14 to
                  | 0.28-a0-1524-ge72afd5fc6
  4059 | D        | Received a gift from Trog
  4079 | D        | Received a gift from Trog
  4099 | D        | Received a gift from Trog
  4333 | D        | Received a gift from Trog
  4358 | D        | Noticed a dire elephant
  4358 | D        | Noticed a dire elephant
  4359 | D        | Noticed Gastronok
  4366 | D        | Killed a dire elephant
  4376 | D        | Killed a dire elephant
  4376 | D        | Received a gift from Trog
  4377 | D        | Reached skill level 21 in Polearms
  4396 | D        | Killed Gastronok
  4483 | D        | Noticed an azure jelly
  4483 | D        | Noticed an azure jelly
  4483 | D        | Noticed an azure jelly
  4484 | D        | Noticed an azure jelly
  4487 | D        | Noticed Rupert
  4501 | D        | Killed Rupert
  4514 | D        | Noticed a death yak
  4514 | D        | Noticed a death yak
  4517 | D        | Noticed a death yak
  4520 | D        | Killed a death yak
  4520 | D        | Received a gift from Trog
  4524 | D        | Noticed a death yak
  4524 | D        | Killed a death yak
  4526 | D        | Killed a death yak
  4527 | D        | Reached skill level 1 in Throwing
  4527 | D        | Reached XP level 13. HP: 125/125 MP: 13/13
  4534 | D        | Received a gift from Trog
  4757 | D        | Killed an azure jelly
  4761 | D        | Killed an azure jelly
  4763 | D        | Killed an azure jelly
  4763 | D        | Received a gift from Trog
  4764 | D        | Reached skill level 22 in Polearms
  4768 | D        | Killed an azure jelly
  5077 | D        | Received a gift from Trog
  5078 | D        | Found Nonkange's Antique Weapon Shoppe.
  5078 | D        | Found Uloetesi's Jewellery Boutique.
  5078 | D        | Found Kakaa's Magic Scroll Emporium.
  5087 | D        | Reached skill level 15 in Dodging
  5412 | D        | Got a decaying rune of Zot
  5857 | D        | Identified the +5 trident of Paprun {vorpal, Str+3} (Trog
                  | gifted it to you in the Dungeon)
  5857 | D        | Received a gift from Trog
  6656 | D        | Received a gift from Trog
  6685 | D        | Reached skill level 23 in Polearms
  6686 | D        | Received a gift from Trog
  7028 | D        | Identified the +7 halberd "Bov Nuh" {vorpal, Will++} (Trog
                  | gifted it to you in the Dungeon)
  7028 | D        | Received a gift from Trog
  7267 | D        | Noticed a nagaraja
  7269 | D        | Found Jeced's Antique Armour Shop.
  7269 | D        | Found Etwayx's Distillery.
  7271 | D        | Found Cibuc's Book Boutique.
  7278 | D        | Killed a nagaraja
  7279 | D        | Reached skill level 15 in Stealth
  7375 | D        | Received a gift from Trog
  7380 | D        | Got a serpentine rune of Zot
  7483 | D        | Found a blossoming altar of Fedhas.
  7605 | D        | Reached XP level 14. HP: 138/139 MP: 14/14
  7742 | D        | Received a gift from Trog
  7827 | D        | Reached skill level 24 in Polearms
  8365 | D        | Noticed Mennas
  8385 | D        | Slain by Mennas

Illustrated notes

Levels and vault maps discovered:
D:        dungeon_sprint_mu [sprint_mu_entry_cave, sprint_mu_temple_rooms,
          sprint_mu_d1_spiders, sprint_mu_d2_genie, sprint_mu_d3_branching,
          sprint_mu_orc_legion, sprint_mu_elf_gauntlet, sprint_mu_hive_nellie,
          sprint_mu_lair_fedhas, sprint_mu_vaults_butterflies,
          sprint_mu_slime_circle, sprint_mu_swamp_cave, sprint_mu_snake_twists,
          sprint_mu_blade_basic, sprint_mu_crypt_lich, sprint_mu_tomb_spiral,
          sprint_mu_vestibule_basic, sprint_mu_gehenna_hellfire,
          sprint_mu_dis_giant, sprint_mu_tartarus_statrot,
          sprint_mu_cocytus_islands, sprint_mu_zot1]

Skill      XL: |  1  2  3  4  5  6  7  8  9 10 11 12 13 14 |
---------------+-------------------------------------------+-----
Fighting       | 4 6 7 8 9 10 12 13 15 17 20 22 | 22.6
Polearms       | 4 5 7 8 10 11 13 15 17 19 21 23 24 | 24.0
Dodging        | 3 4 5 7 8 9 10 11 12 14 15 | 15.9
Stealth        | 1 2 3 4 6 8 10 12 13 15 | 15.8
Evocations     | 1 2 |  2.2
Throwing       | 1 2 |  2.2

Action                   |  1- 3 |  4- 6 |  7- 9 | 10-12 | 13-15 || total
-------------------------+-------+-------+-------+-------+-------++-------
Melee: Spear             |    16 |    40 |    53 |       |       ||   109
       Punch             |     1 |       |     1 |       |       ||     2
       Tailslap          |       |     4 |    14 |    27 |    24 ||    69
       Halberd           |       |       |    48 |    69 |       ||   117
       Glaive            |       |       |       |   248 |    75 ||   323
       Bardiche          |       |       |       |       |   121 ||   121
Throw: Dart              |       |       |       |     3 |     1 ||     4
Invok: Berserk           |     2 |     4 |     4 |    11 |     7 ||    28
       Brothers in Arms  |       |       |       |     2 |       ||     2
       Trog's Hand       |       |       |       |       |     1 ||     1
 Abil: Breathe Frost     |       |       |     2 |     2 |     1 ||     5
Evoke: Phantom mirror    |       |       |       |     3 |       ||     3
  Use: Potion            |     1 |     2 |       |     3 |     4 ||    10
       Scroll            |       |       |       |     3 |       ||     3
 Stab: Sleeping          |     1 |     1 |     3 |    11 |    16 ||    32
       Distracted        |       |       |       |     1 |     1 ||     2
Armor: Skin              |     1 |     4 |       |    35 |    34 ||    74
Dodge: Dodged            |     5 |     5 |    21 |   163 |    99 ||   293

Table legend: (Time is in decaauts)
 A = Elapsed time spent in this place.
 B = Non-inter-level travel time spent in this place.
 C = Inter-level travel time spent in this place.
 D = Time resting spent in this place.
 E = Time spent auto-exploring this place.
 F = Levels seen in this place.
 G = Mean time per level.
                   A        B        C        D        E       F      G
               +--------+--------+--------+--------+--------+-----+--------+
         Total |   8532 |   8485 |     47 |   6388 |     27 |   1 | 8532.0 |
       Dungeon |   8532 |   8485 |     47 |   6388 |     27 |   1 | 8532.0 |
               +--------+--------+--------+--------+--------+-----+--------+

Top non-repeatable levels by time:
       D: 8532 daAuts
